AoeStats
← teko55

Black Forest

506406861Analyzed
3v3 RM · 18d ago on Sep 13, 2026· 39m 49s· 6 players
Game mode
Random Map
Map size
Normal (6 player)
Population
200
Speed
Normal
Resources
Standard
Victory
Conquest
Starting age
Dark Age
Ending age
Imperial Age
RankedLock teamsTeams togetherTeam positionsShared explorationLock speedFull tech treeHidden civsTurbo modeCheats
Victory
Defeat
🇺🇸 Slavs · United States
1266
+16
🇩🇪 Italians · Germany
1212
+18
🇨🇳 Mongols · China
1176
+20
🇯🇵 Japanese · Japan
1355
-22
🇯🇵 Inca · Japan
1266
-18
🇯🇵 Malay · Japan
1169
-14
ohawan12312
4:41 Loom
11:49 Feudal Age
13:19 Horse Collar
13:43 Double-Bit Axe
19:16 Castle Age
17:27 Fishing Lines
19:52 Wheelbarrow
20:12 Bow Saw
23:29 Coinage
26:06 Hand Cart
29:18 Heavy Plow
30:14 Gold Mining
33:08 Imperial Age
30:30 Fletching
31:17 Fortified Wall
31:30 Padded Archer Armor
32:02 Bodkin Arrow
32:20 Masonry
33:46 Elite Skirmisher
34:59 Thumb Ring
35:16 Ballistics
35:57 Chemistry
34:59 Bracer
37:06 Leather Archer Armor
38:08 Banking
39:42 Ring Archer Armor
532531
0:48 Loom
12:05 Feudal Age
11:46 Double-Bit Axe
12:20 Horse Collar
20:49 Castle Age
19:01 Fishing Lines
22:02 Wheelbarrow
22:11 Gillnets
23:13 Bow Saw
27:59 Imperial Age
27:51 Heavy Plow
28:32 Husbandry
28:57 Gold Mining
29:24 Hand Cart
29:14 Town Watch
28:51 Elite Battle Elephant
30:15 Conscription
31:14 Gold Shaft Mining
34:48 Scale Barding Armor
34:54 Forging
37:03 Chemistry
39:09 Iron Casting
38:25 Fletching
38:51 Elite Skirmisher
teko55
5:00 Loom
12:37 Feudal Age
15:08 Fishing Lines
17:44 Castle Age
16:30 Double-Bit Axe
18:43 Gillnets
19:15 Bow Saw
23:41 Horse Collar
25:00 Wheelbarrow
27:21 Heavy Plow
27:54 Scale Mail Armor
28:05 Forging
29:16 Hand Cart
29:17 Chain Mail Armor
31:52 Imperial Age
32:00 Imperial Age
30:40 Iron Casting
29:58 Gold Mining
30:55 Squires
30:42 Arson
30:43 Gambesons
31:37 Gold Shaft Mining
33:05 Conscription
32:15 Capped Ram
32:50 Elite Samurai
34:41 Siege Engineers
Mr. FU
0:27 Loom
11:54 Feudal Age
13:18 Double-Bit Axe
18:45 Castle Age
16:55 Fishing Lines
18:02 Stone Mining
19:31 Caravan
22:33 Gillnets
23:43 Bow Saw
24:26 Horse Collar
29:03 Imperial Age
27:15 Heavy Plow
27:09 Gold Mining
28:13 Stone Shaft Mining
28:39 Silk Road
29:05 Wheelbarrow
29:13 Ballistics
29:21 Fortified Wall
29:22 Masonry
30:05 Conscription
29:43 Fletching
29:53 Padded Archer Armor
31:44 Chemistry
31:24 Hoardings
31:47 Squires
32:07 Hand Cart
31:50 Bodkin Arrow
32:10 Leather Archer Armor
33:19 Bracer
33:34 Leather Archer Armor
34:06 Masonry
34:31 Elite Genoese Crossbowman
35:48 Architecture
34:59 Treadmill Crane
36:59 Two-Man Saw
36:23 Thumb Ring
36:58 Crop Rotation
38:04 Murder Holes
38:00 Guard Tower
37:56 Arrowslits
pickmyself or end
0:26 Loom
11:23 Feudal Age
12:00 Double-Bit Axe
12:19 Horse Collar
14:54 Castle Age
15:53 Bow Saw
15:59 Heavy Plow
16:37 Wheelbarrow
22:11 Stone Mining
25:20 Hand Cart
24:52 Town Watch
28:36 Imperial Age
26:55 Fletching
27:06 Padded Archer Armor
28:09 Stone Shaft Mining
27:28 Gold Mining
28:52 Gold Shaft Mining
28:38 Leather Archer Armor
28:19 Bodkin Arrow
28:41 Leather Archer Armor
28:46 Bloodlines
28:36 Husbandry
29:45 Conscription
28:46 Onager
29:46 Light Cavalry
29:50 Elite Mangudai
30:40 Bracer
30:57 Forging
31:11 Ballistics
31:40 Scale Barding Armor
31:41 Thumb Ring
32:38 Chemistry
32:08 Parthian Tactics
33:07 Iron Casting
33:05 Coinage
32:49 Masonry
32:04 Capped Ram
33:22 Drill
33:28 Drill
32:49 Hussar
34:44 Chain Barding Armor
35:27 Blast Furnace
35:35 Siege Engineers
36:31 Siege Ram
38:22 Banking
37:52 Caravan
40:32 Hoardings
rmizoguchi2
3:48 Loom
12:40 Feudal Age
17:42 Castle Age
16:23 Double-Bit Axe
16:38 Horse Collar
18:58 Bow Saw
19:29 Town Watch
21:20 Fishing Lines
23:28 Wheelbarrow
24:20 Heavy Plow
24:38 Hand Cart
24:23 Gold Mining
24:24 Stone Mining
24:45 Gillnets
26:43 Forging
26:33 Scale Mail Armor
26:26 Fletching
27:27 Gold Shaft Mining
28:04 Coinage
31:46 Imperial Age
29:15 Bodkin Arrow
29:55 Iron Casting
29:36 Chain Mail Armor
30:28 Squires
29:48 Man-at-Arms
29:48 Pikeman
30:45 Masonry
30:31 Murder Holes
30:57 Ballistics
30:49 Fortified Wall
31:49 Scale Barding Armor
31:55 Long Swordsman
31:56 Halberdier
33:39 Blast Furnace
33:09 Plate Mail Armor
33:55 Two-Man Saw
33:38 Banking
32:42 Two-Handed Swordsman
33:27 Druzhina
33:48 Conscription
33:32 Champion
35:21 Detinets
Connection lost

Rejoining the realm…

Still unreachable

The connection could not be restored.

Session expired

The server has moved on; the page needs a fresh start.